 Dungeon Crawl Stone Soup version 0.19.1-1-g22dce08 (webtiles) character file.

5484 ShoveAChef the Basher (level 10, -5/89 HPs)
             Began as a Minotaur Fighter on Dec 31, 2016.
             Was a High Priest of Okawaru.
             Killed from afar by an orc wizard (9 damage)
             ... with a magic dart
             ... on level 9 of the Dungeon.
             The game lasted 00:27:10 (9928 turns).

ShoveAChef the Basher (Minotaur Fighter)            Turns: 9928, Time: 00:27:10

Health: -5/89      AC: 16    Str: 23    XL:     10   Next: 42%
Magic:  8/9        EV:  7    Int:  5    God:    Okawaru [*****.]
Gold:   248        SH: 15    Dex: 11    Spells: 0 memorised, 9 levels left

rFire  + . .     SeeInvis .     a - +3 flail
rCold  + . .     Gourm    .     G - +1 plate armour
rNeg   + . .     Faith    .     c - +0 shield
rPois  +         Spirit   .     J - +0 hat
rElec  +         Reflect  +     t - +0 cloak
rCorr  +         Harm     .     (no gloves)
MR     .....                    (no boots)
Stlth  ..........               n - +3 amulet of reflection
                                x - ring of stealth
                                r - ring of positive energy

@: resistant
A: retaliatory headbutt, horns 2
a: Heroism, Finesse, Renounce Religion


You were on level 9 of the Dungeon.
You worshipped Okawaru.
Okawaru was extremely pleased with you.
You were not hungry.

You visited 1 branch of the dungeon, and saw 9 of its levels.

You collected 547 gold pieces.
You spent 299 gold pieces at shops.

Inventory:

Hand Weapons
 a - a +3 flail (weapon)
 j - a +2 vampiric war axe
Armour
 b - a +0 scale mail
 c - a +0 shield (worn)
 t - a +0 cloak (worn)
 G - a +1 plate armour (worn)
 J - a +0 hat (worn)
Jewellery
 n - a +3 amulet of reflection (around neck)
 r - a ring of positive energy (left hand)
 w - an uncursed amulet of magic regeneration
 x - a ring of stealth (right hand)
Wands
 H - a wand of acid (8/15)
Scrolls
 k - 5 scrolls of identify
 u - 4 scrolls of remove curse
 y - 3 scrolls of teleportation
 A - a scroll of blinking {unknown}
 B - a scroll of fear
Potions
 d - 4 potions of might
 e - 2 potions of flight {unknown}
 i - a potion of ambrosia
 m - 2 potions of heal wounds {unknown}
 o - 2 potions of lignification {unknown}
 p - 5 potions of curing {unknown}
 q - a potion of brilliance
 v - a potion of mutation {unknown}
 z - 2 potions of cure mutation
 C - 3 potions of haste {unknown}
Books
 D - a book of Maledictions

   Spells                             Type                      Level
   a - Corona                         Hexes                        1
   b - Ensorcelled Hibernation        Hexes/Ice                    2
   c - Confuse                        Hexes                        3
   d - Tukima's Dance                 Hexes                        3
   e - Dazzling Spray                 Conjuration/Hexes            3
Comestibles
 f - 3 bread rations
 g - 4 meat rations
 h - 14 fruits
 s - 2 slices of pizza
 E - a beef jerky


   Skills:
 * Level 8.3 Fighting
 + Level 11.2 Maces & Flails
 * Level 9.5 Armour
 + Level 2.1 Dodging
 + Level 1.0 Stealth
 * Level 9.7 Shields


You had 9 spell levels left.
You didn't know any spells.

Dungeon Overview and Level Annotations

Branches:
Dungeon (9/15)             Temple (0/1) D:4
   Lair: D:8-11         Orc: D:9-12

Altars:
Dithmenos
Elyvilon
Gozag
Kikubaaqudgha
Makhleb
Okawaru
Ru
Trog
Vehumet
Xom
Yredelemnul
The Shining One

Shops:
D:7 [


Innate Abilities, Weirdness & Mutations

You reflexively headbutt those who attack you in melee.
You have a pair of horns on your head.


Message History

The orc priest hits you but does no damage.
You block the orc warrior's attack.
You sock the orc priest!
You kill the orc priest!
Okawaru accepts your kill. The warg misses you.
You block the orc wizard's attack. The orc hits you but does no damage.
The orc wizard casts a spell at you. The magic dart hits you!
The orc priest barely misses you.
You sock the orc priest!
You kill the orc priest!
Okawaru accepts your kill.
You feel like a meek peon again. The warg barely misses you.
The orc wizard closely misses you. The orc warrior barely misses you.
The orc hits you.
* * * LOW HITPOINT WARNING * * *
The orc wizard points at you and mumbles some strange words.
The magic dart hits you!
You die...

#..# ##.<# ..# .....
##.## # ..## ....# ...#
##.. ..###...###
...#####... #..........
...........###..........
.#..##..................
....# ##.....ooo.......
....# #......)†@o......
....#
##......oh#.........
....#
#.........##........ #
.###.........# ##......
# ..#...((.....# .....
###.........##..# #.....
.#..#
........).####......
...# #.........##......#
...## ##.........(†#


You could see a warg, an orc warrior, 2 orc wizards and 2 orcs.

Vanquished Creatures
  Gastronok (D:8)
  A troll (D:9)
  5 yaks (D:9)
  A warg (D:9)
  An ice beast (D:5)
  An orc warrior (D:8)
  2 phantoms
  2 ogres
  2 centaurs (D:8)
  A crocodile (D:9)
  A big kobold (D:7)
  3 bullfrogs
  A wyvern skeleton (D:6)
  2 scorpions (D:8)
  A water moccasin skeleton (D:6)
  3 killer bees (D:9)
  2 bullfrog zombies
  2 crimson imps
  2 bullfrog skeletons
  A centaur zombie (D:3)
  A hound (D:5)
  A jelly (D:5)
  7 orc priests
  6 iguanas
  6 orc wizards
  9 worker ants
  A howler monkey zombie (D:6)
  A howler monkey skeleton (D:7)
  10 adders
  10 gnolls
  A shadow imp (D:5)
  An ooze (D:1)
  2 adder skeletons
  2 worms (D:4)
  5 dart slugs
  10 leopard geckos
  26 orcs
  2 ball pythons
  A giant cockroach (D:1)
  6 goblins
  7 hobgoblins
  9 jackals
  12 kobolds
  3 quokkas
  7 bats
  9 frilled lizards
  8 rats
198 creatures vanquished.

Vanquished Creatures (others)
  2 centaurs
  An orc wizard (D:8)
  A quokka (D:3)
  2 plants (D:8)
6 creatures vanquished.

Grand Total: 204 creatures vanquished

Notes
Turn   | Place    | Note
-------+----------+-------------------------------------------
     0 | D:1      | ShoveAChef the Minotaur Fighter began the quest for the Orb.
     0 | D:1      | Reached XP level 1. HP: 19/19 MP: 0/0
    97 | D:1      | Reached XP level 2. HP: 17/27 MP: 1/1
   500 | D:1      | Reached skill level 3 in Maces & Flails
   502 | D:1      | Reached XP level 3. HP: 33/33 MP: 2/2
  1096 | D:2      | Found an iron altar of Okawaru.
  1126 | D:2      | Became a worshipper of Warmaster Okawaru
  1186 | D:2      | Found a basalt altar of Yredelemnul.
  1187 | D:2      | Found a glowing golden altar of the Shining One.
  1187 | D:2      | Found a burning altar of Makhleb.
  1190 | D:2      | Found a bloodstained altar of Trog.
  1191 | D:2      | Reached XP level 4. HP: 40/40 MP: 3/3
  1193 | D:2      | Found a shimmering altar of Xom.
  1196 | D:2      | Found an ancient bone altar of Kikubaaqudgha.
  1196 | D:2      | Found an opulent altar of Gozag.
  1198 | D:2      | Found a white marble altar of Elyvilon.
  1274 | D:3      | Reached skill level 4 in Maces & Flails
  1323 | D:3      | Found a faded altar of an unknown god.
  1674 | D:3      | Reached XP level 5. HP: 44/46 MP: 4/4
  1761 | D:3      | Found a white marble altar of Elyvilon.
  2786 | D:4      | Noticed an ogre
  2800 | D:4      | Reached skill level 1 in Dodging
  2815 | D:4      | Killed an ogre
  2815 | D:4      | Reached * piety under Okawaru
  2815 | D:4      | Reached skill level 5 in Maces & Flails
  2815 | D:4      | Reached skill level 5 in Armour
  2815 | D:4      | Reached skill level 5 in Shields
  2815 | D:4      | Reached XP level 6. HP: 19/53 MP: 5/5
  3086 | D:4      | Found a staircase to the Ecumenical Temple.
  4053 | D:4      | Reached ** piety under Okawaru
  4053 | D:4      | Reached XP level 7. HP: 58/60 MP: 6/6
  4184 | D:5      | Entered Level 5 of the Dungeon
  4190 | D:5      | Reached skill level 5 in Fighting
  4451 | D:5      | Reached skill level 6 in Maces & Flails
  4559 | D:5      | Found a radiant altar of Vehumet.
  4684 | D:5      | Found a sacrificial altar of Ru.
  4777 | D:5      | Found a shadowy altar of Dithmenos.
  5025 | D:6      | Reached skill level 7 in Maces & Flails
  5025 | D:6      | Reached XP level 8. HP: 69/69 MP: 7/7
  5513 | D:6      | Reached *** piety under Okawaru
  5542 | D:6      | You fall through a shaft!
  5782 | D:7      | Reached skill level 8 in Maces & Flails
  5887 | D:7      | Found Mireho Tipn's Armour Shoppe.
  5914 | D:7      | Found a shimmering altar of Xom.
  5917 | D:7      | Bought a +0 plate armour for 299 gold pieces
  7357 | D:8      | Reached skill level 1 in Stealth
  7370 | D:8      | Reached skill level 9 in Maces & Flails
  8198 | D:8      | Reached XP level 9. HP: 64/75 MP: 8/8
  8400 | D:8      | Noticed Gastronok
  8432 | D:8      | Killed Gastronok
  8432 | D:8      | Reached **** piety under Okawaru
  8432 | D:8      | Reached skill level 10 in Maces & Flails
  8441 | D:8      | Reached skill level 11 in Maces & Flails
  8869 | D:8      | Reached XP level 10. HP: 88/88 MP: 9/9
  9027 | D:9      | Reached ***** piety under Okawaru
  9928 | D:9      | HP: 4/89 [orc (2)]
  9928 | D:9      | Killed from afar by an orc wizard

Skill      XL: |  1  2  3  4  5  6  7  8  9 10 |
---------------+-------------------------------+-----
Armour         | 4 5 6 7 8 9 |  9.5
Maces & Flails | 3 4 5 7 9 11 | 11.2
Shields        | 4 5 6 7 8 9 |  9.7
Fighting       | 4 5 6 7 8 |  8.3
Dodging        | 1 2 |  2.1
Stealth        | 1 |  1.0

Action                   |  1- 3 |  4- 6 |  7- 9 | 10-12 || total
-------------------------+-------+-------+-------+-------++-------
Melee: Flail             |   123 |   172 |   298 |    88 ||   681
       Headbutt          |    10 |    37 |    70 |    20 ||   137
Invok: Heroism           |       |       |       |     1 ||     1
  Use: Scroll            |       |    11 |     4 |     1 ||    16
       Potion            |       |     4 |       |     1 ||     5
  Eat: Chunk             |     1 |       |       |       ||     1
       Meat ration       |       |     2 |     1 |       ||     3
       Bread ration      |       |       |     3 |       ||     3
Armor: Scale mail        |    53 |    84 |    50 |       ||   187
       Plate armour      |       |       |    35 |    52 ||    87
Dodge: Dodged            |    36 |    67 |    49 |    28 ||   180
Block: Shield            |    57 |   186 |   202 |    88 ||   533
       Reflection        |       |     5 |    10 |     6 ||    21
